 Dungeon Crawl Stone Soup version 0.21.1-1-g345015fe64 (webtiles) character file.

3450 Mrkan the Basher (level 9, -3/85 HPs)
             Began as a Minotaur Fighter on May 10, 2018.
             Was a Believer of Makhleb.
             Slain by an orc warrior
             ... wielding a +0 battleaxe
              (24 damage)
             ... on level 7 of the Dungeon.
             The game lasted 00:16:10 (9712 turns).

Mrkan the Basher (Minotaur Fighter)                 Turns: 9712, Time: 00:16:11

Health: -3/85      AC: 10    Str: 26    XL:     9   Next: 78%
Magic:  8/8        EV:  7    Int:  5    God:    Makhleb [**....]
Gold:   297        SH: 10    Dex: 13    Spells: 8/8 levels left

rFire    . . .     SeeInvis +   a - +0 flail
rCold    . . .     Gourm    .   c - +0 shield
rNeg     . . .     Faith    .   b - +1 scale mail
rPois    .         Spirit   .   (helmet restricted)
rElec    .         Reflect  .   (no cloak)
rCorr    .         Harm     .   (no gloves)
MR       .....                  y - +0 pair of boots
Stlth    ..........             (no amulet)
HPRegen  0.24/turn              i - ring of see invisible
MPRegen  0.11/turn              (no ring)

@: mighty
A: retaliatory headbutt, horns 2
a: Minor Destruction, Renounce Religion


You were on level 7 of the Dungeon.
You worshipped Makhleb.
Makhleb was pleased with you.
You were not hungry.

You visited 2 branches of the dungeon, and saw 8 of its levels.

You collected 297 gold pieces.

Inventory:

Hand Weapons
 a - a +0 flail (weapon)
Armour
 b - a +1 scale mail (worn)
 c - a +0 shield (worn)
 y - a +0 pair of boots (worn)
Jewellery
 i - a ring of see invisible (left hand)
 x - an uncursed ring of protection from fire {unknown}
 z - an uncursed amulet of regeneration {unknown}
Wands
 e - a wand of paralysis (9)
Scrolls
 l - a scroll of immolation
 m - 3 scrolls of enchant armour
 q - a scroll of magic mapping
 s - 5 scrolls of identify
 t - 2 scrolls of remove curse
 u - a scroll of teleportation
 w - a scroll of silence {unknown}
 B - a scroll of enchant weapon {unknown}
Potions
 d - a potion of curing
 g - a potion of mutation {unknown}
 h - 2 potions of haste
 j - a potion of ambrosia {unknown}
 k - 2 potions of heal wounds {unknown}
 o - 2 potions of resistance {unknown}
 p - a potion of brilliance {unknown}
 r - a potion of invisibility {unknown}
Books
 n - a book of Maledictions

   Spells                             Type                      Level
   a - Corona                         Hexes                        1
   b - Ensorcelled Hibernation        Hexes/Ice                    2
   c - Confuse                        Hexes                        3
   d - Tukima's Dance                 Hexes                        3
   e - Dazzling Spray                 Conjuration/Hexes            3
Comestibles
 f - 5 rations
 A - 9 chunks of flesh


   Skills:
 + Level 10.3 Fighting
 - Level 11.5 Maces & Flails
 * Level 8.2 Armour
 - Level 3.6 Shields


You had 8 spell levels left.
You didn't know any spells.

Dungeon Overview and Level Annotations

Branches:
Dungeon (7/15)             Temple (1/1) D:5

Altars:
Ashenzari
Cheibriados
Dithmenos
Elyvilon
Fedhas
Gozag
Hepliaklqana
Kikubaaqudgha
Makhleb
Nemelex Xobeh
Okawaru
Qazlal
Ru
Sif Muna
Trog
Uskayaw
Vehumet
Wu Jian
Xom
Yredelemnul
Zin
The Shining One
Beogh

Annotations:
D:4 2 transporters
D:7 1 transporter


Innate Abilities, Weirdness & Mutations

You reflexively headbutt those who attack you in melee.
You have a pair of horns on your head.


Message History

You kill the orc!
Makhleb accepts your kill. The orc barely misses you. You furiously retaliate!
You headbutt the orc!!
You kill the orc!
Makhleb accepts your kill. The orc warrior barely misses you.
Found a ring mail and a spear.
Things that are here:
a scroll of remove curse; an orc corpse You block the orc priest's attack.
The orc warrior barely misses you. You furiously retaliate!
You headbutt the orc warrior!
Items here: ( ) [ † a flail; 3 tomahawks of returning; a scale mail; an orc corpse The orc priest barely misses you.
The orc wizard completely misses you.
You sock the orc priest!
You kill the orc priest!
Makhleb accepts your kill.
You feel better.
The orc warrior hits you with a battleaxe!!
You die...

#####.....................#
#..........######..#..#
#........#.## #.....#
#.........©.# #..####
############# #......
#############..###
##?)oO©o...# #.....
#.oo#####...##..#.#
#.@†.#=# .##.)#.#
#.#..()!.. #..#.#
#.##.8}8.# #..#.# #© .$_$..
#..#.# #[ .8.8.## #....# #)
o...... #.#### #. #.#.. #.
###.


You could see an orc warrior, an ogre, an orc wizard (invisible) and an orc.

Vanquished Creatures
  A hornet (D:7)
  Sigmund (D:3)
  Duvessa (D:4)
  3 orc warriors
  A sky beast (D:5)
  A phantom (D:3)
  3 ogres
  4 centaurs
  A crocodile (D:5)
  A bullfrog (D:6)
  Dowan (D:4)
  A wyvern skeleton (D:6)
  2 scorpions
  4 wights (D:6)
  4 howler monkeys
  A crimson imp (D:5)
  2 bullfrog skeletons (D:4)
  A bullfrog zombie (D:7)
  3 hounds
  A gnoll shaman (D:7)
  6 orc priests
  8 orc wizards
  A centaur skeleton (D:5)
  5 iguanas
  3 worker ants (D:5)
  Robin (D:2)
  A howler monkey skeleton (D:3)
  11 adders
  10 gnolls
  A shadow imp (D:6)
  An adder skeleton (D:4)
  A worm (D:2)
  A dart slug (D:1)
  5 leopard geckos
  41 orcs
  3 ball pythons
  5 giant cockroaches
  14 goblins
  6 hobgoblins
  7 jackals
  A quokka (D:3)
  8 bats
  5 frilled lizards
  A giant cockroach zombie (D:5)
  5 kobolds
  9 rats
197 creatures vanquished.

Notes
Turn   | Place    | Note
-------+----------+-------------------------------------------
     0 | D:1      | Mrkan the Minotaur Fighter began the quest for the Orb.
     0 | D:1      | Reached XP level 1. HP: 19/19 MP: 0/0
    98 | D:1      | Reached skill level 3 in Maces & Flails
    99 | D:1      | Reached XP level 2. HP: 13/27 MP: 1/1
   486 | D:1      | Reached XP level 3. HP: 31/33 MP: 2/2
   777 | D:2      | Noticed Robin
   781 | D:2      | Killed Robin
   781 | D:2      | Reached skill level 4 in Maces & Flails
   957 | D:2      | Reached XP level 4. HP: 15/41 MP: 3/3
  1502 | D:2      | Reached skill level 5 in Maces & Flails
  2051 | D:3      | Reached skill level 5 in Fighting
  2051 | D:3      | Reached XP level 5. HP: 35/48 MP: 4/4
  2082 | D:3      | Noticed a phantom
  2094 | D:3      | Killed a phantom
  2094 | D:3      | Reached skill level 6 in Maces & Flails
  2278 | D:3      | Found a faded altar of an unknown god.
  2323 | D:3      | Noticed Sigmund
  2339 | D:3      | Killed Sigmund
  2339 | D:3      | Reached skill level 7 in Maces & Flails
  2339 | D:3      | Reached XP level 6. HP: 12/57 MP: 5/5
  3293 | D:4      | Found a transporter.
  3297 | D:4      | Noticed a kobold demonologist
  3545 | D:4      | Reached XP level 7. HP: 63/63 MP: 6/6
  3595 | D:4      | Found a transporter.
  3729 | D:4      | Reached skill level 8 in Maces & Flails
  3758 | D:4      | Noticed Duvessa
  3758 | D:4      | Noticed Dowan
  3773 | D:4      | Killed Duvessa
  3790 | D:4      | Killed Dowan
  4361 | D:4      | Reached skill level 9 in Maces & Flails
  4697 | D:5      | Entered Level 5 of the Dungeon
  4698 | D:5      | Found a staircase to the Ecumenical Temple.
  4787 | Temple   | Entered the Ecumenical Temple
  5214 | Temple   | Became a worshipper of Makhleb the Destroyer
  5275 | D:5      | Reached XP level 8. HP: 17/73 MP: 7/7
  6116 | D:5      | Reached skill level 10 in Maces & Flails
  6533 | D:5      | Found a hazy altar of Hepliaklqana.
  6721 | D:6      | Reached skill level 11 in Maces & Flails
  7111 | D:6      | Reached * piety under Makhleb
  7422 | D:6      | Reached XP level 9. HP: 76/83 MP: 8/8
  7707 | D:6      | Reached skill level 5 in Armour
  8491 | D:7      | Reached ** piety under Makhleb
  9284 | D:7      | Paralysed by a hornet for 2 turns
  9288 | D:7      | Reached skill level 10 in Fighting
  9585 | D:7      | Found a transporter.
  9680 | D:7      | Found a roughly hewn altar of Beogh.
  9706 | D:7      | Found a transporter.
  9712 | D:7      | Slain by an orc warrior

Skill      XL: |  1  2  3  4  5  6  7  8  9 |
---------------+----------------------------+-----
Maces & Flails | 3 4 5 7 9 11 | 11.5
Fighting       | 4 5 6 7 9 10 | 10.3
Armour         | 8 |  8.2
Shields        | |  3.6

Action                   |  1- 3 |  4- 6 |  7- 9 || total
-------------------------+-------+-------+-------++-------
Melee: Flail             |    78 |   147 |   407 ||   632
       Headbutt          |     6 |    26 |    86 ||   118
  Use: Potion            |       |     1 |     3 ||     4
       Scroll            |       |       |     7 ||     7
  Eat: Chunk             |       |     8 |    10 ||    18
       Ration            |       |       |     3 ||     3
Armor: Scale mail        |    34 |    53 |   114 ||   201
Dodge: Dodged            |    21 |    40 |   106 ||   167
Block: Shield            |    37 |    75 |   171 ||   283
